 Dungeon Crawl Stone Soup version 0.26.1-2-gb8aa6d0cf2 (webtiles) character file.

Game seed: 1348003338176761009

48 hawla the Conjurer (level 3, -6/25 HPs)
             Began as a Mummy Conjurer on Feb 25, 2021.
             Mangled by a worm (8 damage)
             ... on level 2 of the Dungeon.
             The game lasted 00:04:47 (1884 turns).

hawla the Conjurer (Mummy Conjurer)                 Turns: 1884, Time: 00:04:47

Health: -6/25      AC:  3    Str: 10    XL:     3   Next: 50%
Magic:  2/7        EV: 12    Int: 18    God:
Gold:   68         SH:  0    Dex: 10    Spells: 5/8 levels left

rFire    x . .     SeeInvis .   (no weapon)
rCold    + . .     Faith    .   (no shield)
rNeg     + + +     Spirit   .   a - +0 robe
rPois    ∞         Reflect  .   (no helmet)
rElec    .         Harm     .   (no cloak)
rCorr    .         Rampage  .   (no gloves)
Will     .....                  d - +0 pair of boots
Stlth    ++........             (no amulet)
HPRegen  0.08/turn              (no ring)
MPRegen  0.10/turn              (no ring)

@: no status effects
A: no potions, fire vulnerability, cold resistance 1, negative energy resistance
3, torment resistance, unbreathing
a: no special abilities


You were on level 2 of the Dungeon.
You visited 1 branch of the dungeon, and saw 2 of its levels.

You collected 68 gold pieces.

Inventory:

Armour
 a - a +0 robe (worn)
 d - a +0 pair of boots (worn)
Scrolls
 b - a scroll of teleportation {unknown}
 c - a scroll of identify {unknown}


   Skills:
 + Level 0.9 Fighting
 + Level 1.9 Dodging
 + Level 1.9 Stealth
 + Level 3.0 Spellcasting
 + Level 3.4 Conjurations
 + Level 0.9 Necromancy
 - Level 1.0 Translocations


You had 5 spell levels left.
You knew the following spells:

 Your Spells              Type           Power        Failure   Level
a - Magic Dart            Conj           60%          4%          1
b - Searing Ray           Conj           30%          6%          2

Your spell library contained the following spells:

 Spells                   Type           Power        Failure   Level
 Dazzling Flash           Conj/Hex       16%          24%         3
 Iskenderun's Mystic Bla  Conj/Tloc      10%          54%         4
 Fulminant Prism          Conj/Hex       4%           63%         4


Dungeon Overview and Level Annotations

Branches:
Dungeon (2/15)

Altars:
Yredelemnul


Innate Abilities, Weirdness & Mutations

You do not drink.
Your flesh is vulnerable to fire.
You are immune to poison.
Your flesh is cold resistant. (rC+)
You are immune to negative energy. (rN+++)
You are immune to unholy pain and torment.
You can survive without breathing.


Message History

* * * LOW HITPOINT WARNING * * *
You hit the kobold but do no damage.
The kobold is severely wounded.
The kobold closely misses you.
You barely miss the kobold.
The kobold is severely wounded.
The kobold barely misses you.
You closely miss the kobold.
The kobold is severely wounded.
The kobold barely misses you.
You closely miss the kobold.
The kobold is severely wounded.
The kobold barely misses you.
You hit the kobold.
You kill the kobold!
You barely miss the worm. You barely miss the worm. The worm bites you.
* * * LOW HITPOINT WARNING * * *
You barely miss the worm. The worm bites you!
You die...

###################
#...........†.....#
#.....###########.# #.....#
#.# #.....# ##### #)#
#####.# #...# #.# #######.#
#...###.## #...w@..#
#......... # #.#######
#..)......
..#.#.#.#.#########.........
.......w.(..................
..#.#.#.#.############.##+##
#.#<.... ..............# .
.....................' .#
..........######.....# #.
####.#.### #....†#


You could see a worm.

Vanquished Creatures
  2 worms (D:2)
  2 leopard geckos (D:1)
  3 bats (D:1)
  2 giant cockroaches (D:2)
  7 hobgoblins
  2 quokkas (D:2)
  A frilled lizard (D:1)
  2 gnoll zombies (D:2)
  4 goblins
  6 kobolds
  5 rats
36 creatures vanquished.

Notes
Turn   | Place    | Note
-------+----------+-------------------------------------------
     0 | D:1      | hawla the Mummy Conjurer began the quest for the Orb.
     0 | D:1      | Reached XP level 1. HP: 13/13 MP: 4/4
   289 | D:1      | Reached XP level 2. HP: 20/20 MP: 3/5
  1293 | D:2      | Learned a level 2 spell: Searing Ray
  1307 | D:2      | Reached XP level 3. HP: 25/25 MP: 5/7
  1557 | D:2      | Reached skill level 1 in Translocations
  1774 | D:2      | Found a basalt altar of Yredelemnul.
  1884 | D:2      | Mangled by a worm

Illustrated notes

Levels and vault maps discovered:
D:1:      ncdulo_lavacross, layout_loops_ring, amcnicky_mini_pool_small,
          minmay_splitting_lines
D:2:      layout_basic, lemuel_zombie_altar_yredelemnul,
          small_statue_intersection, minivault_19

Skill      XL: |  1  2  3 |
---------------+----------+-----
Translocations | 1 |  1.0
Spellcasting   | 3 |  3.0
Fighting       | |  0.9
Dodging        | |  1.9
Stealth        | |  1.9
Conjurations   | |  3.4
Necromancy     | |  0.9

Action                   || total
-------------------------++-------
Melee: Unarmed           ||    27
 Cast: Magic Dart        ||    51
       Searing Ray       ||    11
  Use: Scroll            ||     2
Armor: Robe              ||     6
Dodge: Dodged            ||    23
